 Seeded DCSS version 0.26.0-7-g794d0892b4 (webtiles) character file.

Game seed: 20210111 (custom seed)

367 petra the Ruffian (level 6, -8/61 HPs)
             Began as a Troll Monk on Jan 11, 2021.
             Mangled by a wyvern (16 damage)
             ... on level 5 of the Dungeon.
             The game lasted 00:09:47 (2653 turns).

petra the Ruffian (Troll Monk)                      Turns: 2653, Time: 00:09:47

Health: -8/61      AC:  9    Str: 22    XL:     6   Next: 41%
Magic:  5/5        EV: 11    Int:  6    God:
Gold:   144        SH:  0    Dex: 12    Spells: 5/5 levels left

rFire    . . .     SeeInvis .   p - +4 long sword
rCold    . . .     Faith    +   (no shield)
rNeg     . . .     Spirit   .   a - +0 robe
rPois    .         Reflect  .   (helmet restricted)
rElec    .         Harm     .   q - +2 cloak
rCorr    .         Rampage  .   (gloves unavailable)
Will     .....                  (boots unavailable)
Stlth    ++........             f - amulet of faith
HPRegen  0.60/turn              (no ring)
MPRegen  0.09/turn              (no ring)

@: no status effects
A: large, unfitting armour, claws 3, regeneration 1, shaggy fur 1, tough skin 3
a: no special abilities


You were on level 5 of the Dungeon.
You visited 1 branch of the dungeon, and saw 5 of its levels.

You collected 144 gold pieces.

Inventory:

Hand Weapons
 p - a +4 long sword (weapon)
Missiles
 g - 88 stones (quivered)
 l - 2 boomerangs
Armour
 a - a +0 robe (worn)
 b - a scarf of resistance
 e - a +0 robe
 q - a +2 cloak (worn)
Jewellery
 f - an amulet of faith (around neck)
Scrolls
 d - 4 scrolls of teleportation
 h - a scroll of blinking
 i - 2 scrolls of remove curse
 j - 2 scrolls of magic mapping {unknown}
 m - 3 scrolls of identify {unknown}
 s - a scroll of random uselessness {unknown}
 t - a scroll of vulnerability {unknown}
Potions
 c - 2 potions of heal wounds {unknown}
 n - 2 potions of brilliance {unknown}
 o - a potion of haste {unknown}
 r - a potion of resistance {unknown}


   Skills:
 * Level 3.4 Fighting
 + Level 1.4 Long Blades
 + Level 3.5 Dodging
 + Level 1.6 Stealth
 + Level 4.9 Unarmed Combat


You had 5 spell levels left.
You didn't know any spells.
Your spell library contained the following spells:

 Spells                   Type           Power        Failure   Level
 Magic Dart               Conj           0%           45%         1
 Searing Ray              Conj           0%           58%         2
 Dazzling Flash           Conj/Hex       0%           83%         3
 Animate Dead             Necr           0%           99%         4
 Fulminant Prism          Conj/Hex       0%           99%         4
 Iskenderun's Mystic Bla  Conj/Tloc      0%           99%         4
 Borgnjor's Vile Clutch   Necr/Erth      0%           100%        5
 Death Channel            Necr           0%           100%        6
 Simulacrum               Ice/Necr       0%           100%        6


Dungeon Overview and Level Annotations

Branches:
Dungeon (5/15)
 Temple: D:4-7

Altars:

Annotations:
D:5 2 transporters


Innate Abilities, Weirdness & Mutations

You are too large for most types of armour.
You have claws for hands.
Your natural rate of healing is unusually fast.
You are covered in fur. (AC +1)
You have extremely tough skin. (AC +3)


Message History

You feel better. The wyvern bites you!
* * * LOW HITPOINT WARNING * * *
The wyvern barely misses you.
You hit the wyvern but do no damage.
The wyvern is heavily wounded.
The wyvern closely misses you. The wyvern bites you.
* * * LOW HITPOINT WARNING * * *
You hit the wyvern.
The wyvern is severely wounded.
The wyvern bites you.
* * * LOW HITPOINT WARNING * * *
The wyvern barely misses you.
You hit the wyvern.
The wyvern is almost dead.
The wyvern bites you but does no damage.
The wyvern closely misses you.
You hit the wyvern.
The wyvern is almost dead.
The wyvern bites you!
You die...

#.. ....... #'#..##.#..#
.....#)#(.# #..((..#
###....# ###(##.###
+..c.....# ..#$.#
#.#l#.##.# ..©#©$+
#.#@#....# ...#$.#
####.#.######.# ...#P.#
#.............##...#8P#
#####......#########...####
...........# .......
.#######...# ....... ###.#
##.#.# ####.# ##.... #....#
##### #....#


You could see a wyvern and a centaur.

Vanquished Creatures
  An ogre (D:4)
  Blork the orc (D:4)
  A bullfrog skeleton (D:5)
  An orc wizard (D:3)
  Natasha (D:2)
  An iguana (D:4)
  A worker ant (D:4)
  A howler monkey skeleton (D:4)
  An adder (D:4)
  3 worms
  A dart slug (D:1)
  2 leopard geckos
  6 orcs
  3 bats
  4 giant cockroaches
  3 goblins
  8 hobgoblins
  2 jackals (D:4)
  4 kobolds
  2 ball pythons
  4 frilled lizards
  A quokka skeleton (D:4)
  6 rats (D:1)
58 creatures vanquished.

Vanquished Creatures (others)
  A fungus (D:2)
1 creature vanquished.

Grand Total: 59 creatures vanquished

Notes
Turn   | Place    | Note
-------+----------+-------------------------------------------
     0 | D:1      | petra the Troll Monk began the quest for the Orb.
     0 | D:1      | Reached XP level 1. HP: 22/22 MP: 0/0
    59 | D:1      | Reached XP level 2. HP: 29/29 MP: 1/1
   445 | D:1      | Reached XP level 3. HP: 36/36 MP: 2/2
   645 | D:2      | Noticed Natasha
   657 | D:2      | Killed Natasha
   686 | D:3      | Reached XP level 4. HP: 41/44 MP: 3/3
   687 | D:3      | Reached skill level 4 in Unarmed Combat
  1467 | D:4      | Reached XP level 5. HP: 41/52 MP: 4/4
  1523 | D:4      | Noticed Blork the orc
  1535 | D:4      | Killed Blork the orc
  1755 | D:4      | Noticed an ogre
  1766 | D:4      | Killed an ogre
  1767 | D:4      | Reached skill level 1 in Long Blades
  1767 | D:4      | Reached XP level 6. HP: 18/61 MP: 5/5
  2382 | D:5      | Entered Level 5 of the Dungeon
  2422 | D:5      | Found a transporter.
  2537 | D:5      | Found a transporter.
  2634 | D:5      | Noticed a wyvern
  2653 | D:5      | Mangled by a wyvern

Illustrated notes

Levels and vault maps discovered:
D:1:      lightli_arrival_quake, layout_basic, minmay_tree_intersection
D:2:      layout_loops_ring, minitemple, uniq_robin, uniq_natasha,
          uniq_crazy_yiuf_cottage
D:3:      layout_basic
D:4:      layout_basic, uniq_blork_the_orc
D:5:      gammafunk_wand_slinger, layout_basic, serial_shops,
          kennysheep_little_box, minivault_25, kennysheep_generic_room_14,
          uniq_menkaure

Skill      XL: |  1  2  3  4  5 |
---------------+----------------+-----
Dodging        | 3 |  3.5
Unarmed Combat | 4 |  4.9
Fighting       | 3 |  3.4
Long Blades    | 1 |  1.4
Stealth        | |  1.6

Action                   |  1- 3 |  4- 6 || total
-------------------------+-------+-------++-------
Melee: Unarmed           |    71 |    19 ||    90
       Long sword        |       |    56 ||    56
       Punch             |       |     2 ||     2
  Use: Scroll            |       |     5 ||     5
       Potion            |       |     3 ||     3
 Stab: Sleeping          |     2 |     1 ||     3
Armor: Robe              |    12 |    23 ||    35
Dodge: Dodged            |    32 |    50 ||    82
       Rpst.: Long sword |       |    15 ||    15
